 Dungeon Crawl Stone Soup version 0.22.0-6-g71bd7aa (webtiles) character file.

159 asthiss the Slasher (level 5, -1/70 HPs)
             Began as a Minotaur Berserker on Aug 15, 2018.
             Was a Believer of Trog.
             Slain by an orc
             ... wielding a +2 flail of venom
              (3 damage)
             ... on level 4 of the Dungeon.
             The game lasted 00:09:17 (2294 turns).

asthiss the Slasher (Minotaur Berserker)            Turns: 2294, Time: 00:09:17

Health: -1/70      AC: 22    Str: 21    XL:     5   Next: 17%
Magic:  4/4        EV:  2    Int:  4    God:    Trog [**....]
Gold:   209        SH:  0    Dex: 11    Spells: 4/4 levels left

rFire    + . .     SeeInvis .   a - +0 falchion
rCold    x . .     Gourm    +   (no shield)
rNeg     + + +     Faith    .   (armour currently unavailable)
rPois    +         Spirit   .   (helmet currently unavailable)
rElec    .         Reflect  .   (cloak currently unavailable)
rCorr    .         Harm     .   (gloves currently unavailable)
MR       .....     NoTele   +   (boots currently unavailable)
Stlth    +.........             e - amulet of the gourmand
HPRegen  0.21/turn              i - ring of fire
MPRegen  0.09/turn              (no ring)

@: lethally poisoned (-1 -> -3), tree-form
A: (retaliatory headbutt), screaming 1, MP-powered wands
a: Berserk, Trog's Hand, Renounce Religion


You were on level 4 of the Dungeon.
You worshipped Trog.
Trog was pleased with you.
You were hungry.
You were a tree.
You visited 1 branch of the dungeon, and saw 4 of its levels.

You collected 209 gold pieces.

Inventory:

Hand Weapons
 a - a +0 falchion (weapon)
Armour
 b - a +0 animal skin
 f - a +0 cloak (melded)
 g - a +0 ring mail (melded)
Jewellery
 e - an amulet of the gourmand (around neck)
 i - a ring of fire (left branch)
Scrolls
 h - 3 scrolls of identify
Potions
 d - a potion of lignification
Comestibles
 c - 4 rations


   Skills:
 + Level 4.7 Fighting
 + Level 5.4 Long Blades
 + Level 3.4 Armour
 + Level 3.0 Dodging


You had 4 spell levels left.
You didn't know any spells.
Your spell library was empty.

Dungeon Overview and Level Annotations

Branches:
Dungeon (4/15)
 Temple: D:4-7

Altars:


Innate Abilities, Weirdness & Mutations

((You reflexively headbutt those who attack you in melee.))
((You have a pair of horns on your head.))
((Your flesh is heat resistant. (rF+)))
You occasionally shout uncontrollably at your foes.
You expend magic power (3 MP) to strengthen your wands.


Message History

Something tries to affect you, but you resist.
You feel sick. The orc hits you but does no damage.
Something hits you but does no damage.
You feel sick. Something hits you but does no damage.
The orc hits you but does no damage. Something hits you but does no damage.
You feel sick. The orc hits you but does no damage.
Something hits you but does no damage.
You feel sick. The orc hits you but does no damage.
Something hits you but does no damage. The orc hits you with a flail of venom.
* * * LOW HITPOINT WARNING * * *
Something hits you but does no damage.
* * * LOW HITPOINT WARNING * * *
You feel sick. The orc hits you but does no damage.
Something hits you but does no damage.
* * * LOW HITPOINT WARNING * * *
You feel sick. Something hits you but does no damage.
The orc hits you with a flail of venom.
You die...

...# # ...#
#.#..# #<#..##
## #.##..... .#
#
........###.##.#
#.<.....(.###
##.###o.$....
#.oo{♣.# #
#..#####.# #.#
.# #. .# # .. ..
..# ###


You could see 3 orcs.

Vanquished Creatures
  An orc priest (D:4)
  Robin (D:3)
  A worker ant zombie (D:3)
  5 adders
  A shadow imp (D:3)
  2 worms
  A dart slug (D:2)
  2 orcs (D:3)
  13 goblins
  8 hobgoblins
  3 jackals (D:3)
  A ball python (D:3)
  A ball python skeleton (D:3)
  2 bats
  3 kobolds
  6 rats
51 creatures vanquished.

Notes
Turn   | Place    | Note
-------+----------+-------------------------------------------
     0 | D:1      | asthiss the Minotaur Berserker began the quest for the Orb.
     0 | D:1      | Reached XP level 1. HP: 19/19 MP: 0/0
   354 | D:1      | Reached XP level 2. HP: 20/27 MP: 1/1
   673 | D:2      | Reached skill level 4 in Long Blades
   761 | D:2      | Found a faded altar of an unknown god.
  1028 | D:2      | Reached XP level 3. HP: 26/33 MP: 2/2
  1568 | D:3      | Noticed Robin
  1569 | D:3      | Reached XP level 4. HP: 33/41 MP: 3/3
  1586 | D:3      | Reached ** piety under Trog
  1590 | D:3      | Killed Robin
  1626 | D:3      | Reached skill level 5 in Long Blades
  1810 | D:3      | Gained mutation: You occasionally shout uncontrollably at your foes. [potion of mutation]
  1810 | D:3      | Gained mutation: You expend magic power (3 MP) to strengthen your wands. [potion of mutation]
  1810 | D:3      | Gained mutation: Your flesh is heat resistant. (rF+) [potion of mutation]
  2267 | D:4      | Reached XP level 5. HP: 46/47 MP: 4/4
  2293 | D:4      | HP: 3/70 [poisoned by an orc]
  2294 | D:4      | Slain by an orc

Skill      XL: |  1  2  3  4 |
---------------+-------------+-----
Fighting       | 4 |  4.7
Long Blades    | 4 5 |  5.4
Armour         | 3 |  3.4
Dodging        | 3 |  3.0

Action                   |  1- 3 |  4- 6 || total
-------------------------+-------+-------++-------
Melee: Falchion          |    60 |    53 ||   113
       Headbutt          |    17 |     6 ||    23
Invok: Berserk           |       |     1 ||     1
  Use: Scroll            |     2 |     1 ||     3
       Potion            |     1 |     3 ||     4
  Eat: Ration            |     1 |       ||     1
       Chunk             |       |     1 ||     1
Armor: Animal skin       |     1 |       ||     1
       Ring mail         |    13 |    15 ||    28
       Skin              |       |    16 ||    16
Dodge: Dodged            |    29 |    31 ||    60
       Rpst.: Falchion   |    10 |     4 ||    14
